 Dungeon Crawl Stone Soup version 0.31-a0-7-g51783674b7 (webtiles) character file.

Game seed: 6392634224594910245

413 NinjaNoafa the Magician (level 7, -12/51 HPs)
             Began as a Djinni Fire Elementalist on May 5, 2023.
             Was an Initiate of Ashenzari.
             Mangled by an ice beast (21 damage)
             ... on level 5 of the Dungeon.
             The game lasted 00:10:14 (3889 turns).

NinjaNoafa the Magician (Djinni Fire Elementalist)  Turns: 3889, Time: 00:10:15

Health: -12/51     AC:  5    Str:  7    XL:     7   Next: 14%
Gold:   209        EV: 12    Int: 18    God:    Ashenzari [......] SH:  0 Dex: 14

rFire   + + .        a - +1 whip (venom)
rCold   x . .        (no shield)
rNeg    . . .        o - +2 animal skin
rPois   ∞            n - +0 helmet of Star-Bound Wisdom {Range, Melee} (curse)
rElec   .            (no cloak)
rCorr   .            (no gloves)
SInv    .            (boots unavailable)
Will    .....        (no amulet)
Stlth   ++           (no ring)
HPRegen 0.28/turn    (no ring)
MPRegen 0.00/turn

%: infuse magic (-13 HP)
@: flying
A: sickness immunity, fire resistance 2, cold vulnerability 1, float, innate
caster, HP casting, extra vitality 1
a: Renounce Religion, Curse Item, Shatter the Chains


You were on level 5 of the Dungeon.
You worshipped Ashenzari.
Ashenzari was noncommittal.
You visited 1 branch of the dungeon, and saw 5 of its levels.

You collected 209 gold pieces.

Inventory:

Hand Weapons
 a - a +1 whip of venom (weapon)
 b - a +2 dagger of speed
Missiles
 g - 8 poisoned darts
 s - 5 boomerangs
 v - 4 boomerangs of dispersal
 A - 6 curare-tipped darts
 D - 4 atropa-tipped darts
Armour
 n - the cursed +0 helmet of Star-Bound Wisdom (worn) {Range, Melee}
   (You took it off Robin on level 2 of the Dungeon)

   It has a curse which improves the following skills: Ranged Combat: Ranged
   Weapons and Throwing.
   Melee Combat: Short Blades, Long Blades, Axes, Maces & Flails, Polearms,
   Staves and Unarmed Combat.
 o - a +2 animal skin (worn)
Wands
 l - a wand of quicksilver (4)
 u - a wand of flame (19)
Scrolls
 c - 2 scrolls of identify {unknown}
 e - a scroll of noise {unknown}
 h - 3 scrolls of silence {unknown}
 k - 2 scrolls of enchant armour {unknown}
 r - 6 scrolls of teleportation {unknown}
 t - a scroll of immolation {unknown}
 x - a scroll of magic mapping {unknown}
 y - a scroll of fog {unknown}
 C - a scroll of brand weapon {unknown}
Potions
 d - a potion of mutation {unknown}
 f - 3 potions of lignification
 i - 2 potions of might {unknown}
 j - a potion of haste {unknown}
 m - 2 potions of attraction {unknown}
 p - a potion of cancellation {unknown}
 q - a potion of ambrosia {unknown}
 w - 3 potions of curing {unknown}
 z - a potion of degeneration {unknown}
 B - a potion of flight {unknown}


   Skills:
 + Level 3.6 Fighting
 - Level 2.1 Dodging
 - Level 1.5 Stealth
 * Level 4.9 Spellcasting


You knew the following spells:

 Your Spells              Type           Power      Damage    Failure   Level
a - Foxfire               Conj/Fire      88%        2x1d8     1%          1
b - Scorch                Fire           44%        2d6       2%          2
c - Volatile Blastmotes   Fire/Tloc      44%        2d13      5%          3
d - Inner Flame           Hex/Fire       22%        N/A       5%          3
e - Flame Wave            Conj/Fire      22%        2d8       17%         4
f - Magic Dart            Conj           88%        1d7       1%          1
g - Static Discharge      Conj/Air       44%        2-4/arc   2%          2
h - Hailstorm             Conj/Ice       22%        3d7       5%          3
Your spell library was empty.

Dungeon Overview and Level Annotations

Branches:
Dungeon (5/15) Zot: 26110
 Temple: D:4-7

Altars:
Ashenzari
Wu Jian
Xom
Yredelemnul
Lugonu

Shops:
D:3 [

Portals:
Abyss: D:5


Innate Abilities, Weirdness & Mutations

You are immune to sickness and miasma.
You are immune to poison.
Your flesh is very heat resistant. (rF++)
You are vulnerable to cold. (rC-)
You float through the air rather than walking.
You learn spells naturally, not from books.
Your magical power is your life essence.
You have superior vitality. (+4 MHP)


Message History

Confirm with . or Enter, or press ? or * to list all spells.
You conjure some foxfire!
The foxfire hits the lurking horror.
Your body is wracked with pain!
Unknown command.
Unknown command.
Found a There-And-Back Book.
You see here a There-And-Back Book.
Found a stone staircase leading down.
Unknown command.
An ice beast comes into view.
An ice beast is nearby!
An ice beast is nearby!
An ice beast is nearby!
An ice beast is nearby!
You can't see any susceptible monsters within range! (Use Z to cast anyway.)
Found a metallic amethyst potion.
Casting: Foxfire (safe; 1% risk of failure)
Confirm with . or Enter, or press ? or * to list all spells.
You conjure some foxfire!
Casting: Foxfire (safe; 1% risk of failure)
Confirm with . or Enter, or press ? or * to list all spells.
Flames lash the ice beast.
The ice beast melts!
The ice beast is moderately wounded.
The ice beast's fire resistance burns away.
The foxfire hits the ice beast.
The ice beast melts!
The ice beast is heavily wounded.
The foxfire hits the ice beast but does no damage.
The ice beast is heavily wounded.
The ice beast hits you. The ice beast freezes you!
You feel a terrible chill!
* * * LOW HITPOINT WARNING * * *
Unknown command.
Unknown command.
Casting: Scorch (safe; 2% risk of failure)
Confirm with . or Enter, or press ? or * to list all spells.
A cloud of volatile blastmotes flares up around you!
* * * LOW HITPOINT WARNING * * *
The ice beast hits you.
* * * LOW HITPOINT WARNING * * *
The ice beast freezes you!!
You feel a terrible chill!
You die...

......#.# ......#!#
.....#.#
......#.#### #.
#.......#
#.##.......#
..#...Y...#
#.#...@...# ######
#..###.#### ..#..##
#.###.# ...##.##
#...#.# ..####.##
#.#...# ....#.#.#
##.##..#
.#.#.#.####..##..#
###:#.......###.>..
.∩...#...####
####.#


You could see an ice beast (combustible).

Vanquished Creatures
  A scorpion (D:5)
  A hound (D:5)
  An iguana (D:4)
  Ijyb (D:3)
  A sleepcap (D:4)
  Natasha (thrice) (D:2)
  An orc wizard (D:4)
  Robin (D:2)
  2 adders
  A worm (D:3)
  2 dart slugs
  5 orcs
  6 endoplasms
  A giant cockroach (D:2)
  11 goblins
  12 hobgoblins
  10 jackals (D:2)
  7 quokkas
  9 ball pythons
  6 bats
  4 frilled lizards
  7 kobolds
  7 rats
  A lurking horror (D:5)
101 creatures vanquished.

Vanquished Creatures (collateral kills)
  4 foxfires (D:2)
4 creatures vanquished.

Vanquished Creatures (others)
  205 foxfires
  3 fungi (D:2)
  7 plants (D:2)
215 creatures vanquished.

Grand Total: 320 creatures vanquished

Notes
Turn   | Place    | Note
-------+----------+-------------------------------------------
     0 | D:1      | NinjaNoafa the Djinni Fire Elementalist began the quest for
                  | the Orb.
     0 | D:1      | NinjaNoafa set off with the following spells memorised:
                  | Foxfire, Scorch, Volatile Blastmotes, Inner Flame, Flame
                  | Wave.
     0 | D:1      | Reached XP level 1. HP: 15/15 MP: 0/0
   217 | D:1      | Reached XP level 2. HP: 17/22 MP: 0/0
   346 | D:1      | Reached skill level 1 in Fighting
   566 | D:1      | Reached XP level 3. HP: 27/27 MP: 0/0
   566 | D:1      | Learned a level 1 spell: Magic Dart
   762 | D:2      | Reached skill level 3 in Spellcasting
   850 | D:2      | Noticed Natasha
   863 | D:2      | Killed Natasha
   864 | D:2      | Reached XP level 4. HP: 10/33 MP: 0/0
   940 | D:2      | Noticed Natasha
   943 | D:2      | Killed Natasha
  1061 | D:2      | Noticed Natasha
  1065 | D:2      | Killed Natasha
  1066 | D:2      | Reached XP level 5. HP: 26/38 MP: 0/0
  1066 | D:2      | Learned a level 2 spell: Static Discharge
  1163 | D:2      | Noticed Robin
  1170 | D:2      | Killed Robin
  1571 | D:2      | Found a faded altar of an unknown god.
  1995 | D:2      | Reached skill level 4 in Spellcasting
  2125 | D:3      | Found an ornate altar of the Wu Jian Council.
  2157 | D:3      | Noticed Ijyb
  2167 | D:3      | Killed Ijyb
  2406 | D:3      | Found Oturon's Armour Boutique.
  2421 | D:3      | Reached XP level 6. HP: 42/45 MP: 0/0
  2440 | D:3      | Found a broken altar of Ashenzari.
  2471 | D:3      | Became a worshipper of Ashenzari the Shackled
  2487 | D:3      | Found a shimmering altar of Xom.
  3182 | D:4      | Found a basalt altar of Yredelemnul.
  3540 | D:5      | Entered Level 5 of the Dungeon
  3678 | D:5      | Reached XP level 7. HP: 47/50 MP: 0/0
  3678 | D:5      | Learned a level 3 spell: Hailstorm
  3851 | D:5      | Found a corrupted altar of Lugonu.
  3853 | D:5      | Found a one-way gate to the infinite horrors of the Abyss.
  3889 | D:5      | Mangled by an ice beast

Illustrated notes

Levels and vault maps discovered:
D:1:      lemuel_arrival_cross, layout_loops_ring
D:2:      layout_basic, shapermc_ecumenical_altar_mp_ritualfount,
          chequers_serial_rivers_small_a, hangedman_abyss_or_decor_lesser_grid,
          uniq_robin, uniq_natasha
D:3:      layout_loops_ring, ashenzari_altar_1, xom_teletrap_fun,
          nicolae_overflow_hidden_temple, serial_shops,
          nicolae_shop_advertising_works [nicolae_subvault_shop_adworks],
          kennysheep_nondescript, chequers_serial_rivers_room_a, uniq_ijyb
D:4:      layout_rooms, overflow_temple_1_default
D:5:      layout_basic, amcnicky_altar_lugonu_corruption

Skill      XL: |  1  2  3  4  5  6 |
---------------+-------------------+-----
Fighting       | 1 2 3 |  3.6
Spellcasting   | 3 4 |  4.9
Dodging        | |  2.1
Stealth        | |  1.5

Action                     |  1- 3 |  4- 6 |  7- 9 || total
---------------------------+-------+-------+-------++-------
  Melee: Flail             |     4 |       |       ||     4
         Unarmed           |     3 |       |       ||     3
         Whip              |       |     3 |       ||     3
         Dagger            |       |     2 |       ||     2
   Cast: Foxfire           |    40 |    89 |     7 ||   136
         Scorch            |     4 |    24 |     3 ||    31
         Magic Dart        |     6 |     2 |       ||     8
         Inner Flame       |     1 |     5 |       ||     6
         Volatile Blastmot |     1 |     6 |     1 ||     8
         Flame Wave        |       |     1 |     1 ||     2
         Static Discharge  |       |     1 |       ||     1
 Invoke: Curse Item        |       |     1 |       ||     1
    Use: Potion            |     1 |       |       ||     1
 Armour: Robe              |     3 |     1 |       ||     4
         Skin              |     8 |       |       ||     8
         Animal skin       |       |    13 |     2 ||    15
  Dodge: Dodged            |    13 |    23 |     2 ||    38

Table legend: (Time is in decaauts)
 A = Elapsed time spent in this place.
 B = Non-inter-level travel time spent in this place.
 C = Inter-level travel time spent in this place.
 D = Time resting spent in this place.
 E = Time spent auto-exploring this place.
 F = Levels seen in this place.
 G = Mean time per level.
                   A        B        C        D        E       F      G
               +--------+--------+--------+--------+--------+-----+--------+
         Total |   3889 |   3465 |    424 |    191 |   2581 |   5 |  777.8 |
       Dungeon |   3889 |   3465 |    424 |    191 |   2581 |   5 |  777.8 |
               +--------+--------+--------+--------+--------+-----+--------+

Top non-repeatable levels by time:
     D:2: 1374 daAuts
     D:1: 855 daAuts
     D:3: 807 daAuts
     D:4: 502 daAuts
     D:5: 349 daAuts
